 Dungeon Crawl Stone Soup version 0.30-a0-718-geaa24f58ff (webtiles) character file.

Game seed: 8276525800762517802

1220 lunkers the Cleaver (level 9, -3/70 HPs)
             Began as a Meteoran Fighter on Jan 19, 2023.
             Was an Initiate of Trog.
             Slain by an acid dragon (5 damage)
             ... on level 6 of the Dungeon on Jan 26, 2023.
             The game lasted 00:07:22 (2346 turns).

lunkers the Cleaver (Meteoran Fighter)              Turns: 2346, Time: 00:07:22

Health: -3/70      AC:  2    Str: 19    XL:     9   Next: 4%
Magic:  10/10      EV:  7    Int: 10    God:    Trog [......]
Gold:   151        SH:  5    Dex: 17    Spells: 8/8 levels left

rFire   . . .      SeeInvis .    d - +2 hand axe (elec)
rCold   . . .      Faith    .    c - +0 buckler
rNeg    . . .      Spirit   .    f - +0 chain mail
rPois   .          Reflect  .    (no helmet)
rElec   .          Harm     .    (no cloak)
rCorr   .          Rampage  .    p - +0 pair of gloves
Will    +....                    (no boots) Stlth
                                 u - amulet of magic regeneration
HPRegen 0.31/turn                (no ring)
MPRegen 0.52/turn                (no ring)

@: corroded, glowing
A: sense surroundings 2, otherworldly, glowing, explore regen
a: Renounce Religion


You were on level 6 of the Dungeon.
You worshipped Trog.
Trog was noncommittal.
You visited 2 branches of the dungeon, and saw 7 of its levels.

You collected 151 gold pieces.

Inventory:

Hand Weapons
 a - a +0 war axe
 d - a +2 hand axe of electrocution (weapon)
Armour
 b - a +0 scale mail
 c - a +0 buckler (worn)
 f - a +0 chain mail (worn)
 p - a +0 pair of gloves (worn)
Jewellery
 u - an amulet of magic regeneration (around neck)
Wands
 v - a wand of digging (5)
 x - a wand of mindburst (17)
Scrolls
 e - 2 scrolls of blinking {unknown}
 g - 3 scrolls of magic mapping {unknown}
 k - a scroll of poison {unknown}
 n - 4 scrolls of identify {unknown}
 o - a scroll of acquirement {unknown}
 r - a scroll of noise {unknown}
 s - a scroll of amnesia {unknown}
 t - 2 scrolls of fog {unknown}
 y - a scroll of enchant armour {unknown}
Potions
 h - 2 potions of curing {unknown}
 i - 2 potions of degeneration {unknown}
 j - a potion of resistance {unknown}
 l - 2 potions of lignification {unknown}
 m - a potion of brilliance {unknown}
 q - 2 potions of might
 w - a potion of attraction {unknown}


   Skills:
 - Level 3.2 Fighting
 + Level 12.0 Axes
 - Level 3.6 Armour
 - Level 3.6 Shields


You had 8 spell levels left.
You didn't know any spells.
Your spell library was empty.

Dungeon Overview and Level Annotations

Branches:
Dungeon (6/15) Zot: 1397   Temple (1/1) D:5 Zot: 426

Altars:
Ashenzari
Fedhas
Gozag
Kikubaaqudgha
Makhleb
Nemelex Xobeh
Qazlal
Ru
Trog
Uskayaw
Vehumet
Wu Jian
Yredelemnul
Zin

Shops:
D:4 [

Annotations:
D:4 2 transporters, purpskrrrp's ghost, amateur FoHu


Innate Abilities, Weirdness & Mutations

You passively map the area around you.
You are easily found by Zot.
You glow in the dark.
You regain HP and MP as you explore.


Message History

Lightning courses through the acid dragon!
The acid dragon is heavily wounded.
The acid dragon bites you! The acid dragon claws you.
You hit the acid dragon.
The acid dragon is severely wounded.
The acid dragon spits acid at you. The splash of acid hits you!
* * * LOW HITPOINT WARNING * * *
You hit the acid dragon.
The acid dragon is severely wounded.
The acid dragon closely misses you. The acid dragon claws you.
* * * LOW HITPOINT WARNING * * *
You hit the acid dragon but do no damage.
The acid dragon is severely wounded.
You hit the acid dragon but do no damage.
The acid dragon is severely wounded.
The acid dragon barely misses you. You block the acid dragon's attack.
You hit the acid dragon but do no damage.
The acid dragon is severely wounded.
The acid dragon bites you!
* * * LOW HITPOINT WARNING * * *
The acid dragon claws you.
* * * LOW HITPOINT WARNING * * *
You hit the acid dragon but do no damage.
The acid dragon is severely wounded.
The acid dragon bites you but does no damage.
The acid dragon claws you.
* * * LOW HITPOINT WARNING * * *
You hit the acid dragon but do no damage.
The acid dragon is severely wounded.
You hit the acid dragon but do no damage.
The acid dragon is severely wounded.
The acid dragon spits acid at you. The splash of acid hits you!!
* * * LOW HITPOINT WARNING * * *
The acid corrodes you!
You hit the acid dragon.
The acid dragon is severely wounded.
You block the acid dragon's attack. The acid dragon claws you.
You die...

*, , ,,.#..(.....##.# *
*................#...##.#
°.............#.###..... *
°°........., ..,,*#.#... *
~ ≈....?....#.#.., ...#.##
,
_~≈.........#.>#.#........
☼.........#.............
≈..(...D................ ,
.......@..:.###..##..... ,
..........#.............
##..$.....(.....#.......
#[.....................
#.............[........
#.....#....#..........#
#...##.##............##
##.##.8 ##..........##.
#.# ##. ###..........#.


You could see an acid dragon (catching breath).

Vanquished Creatures
  An ice beast (D:5)
  A black bear (D:6)
  An orc warrior (D:4)
  An ogre (D:4)
  A centaur (D:5)
  A phantom (D:6)
  A bullfrog (D:6)
  2 necrophages
  A scorpion (D:5)
  A howler monkey (D:4)
  A crimson imp (D:4)
  2 hounds (D:5)
  3 jellies
  2 iguanas
  An orc wizard (D:3)
  3 adders
  7 gnolls
  An ufetubus (D:5)
  A worm (D:5)
  2 dart slugs (D:4)
  10 orcs
  2 endoplasms
  5 giant cockroaches
  5 hobgoblins
  3 jackals (D:1)
  4 quokkas
  4 ball pythons
  A bat (D:3)
  4 goblins
  2 kobolds (D:2)
  A rat (D:1)
75 creatures vanquished.

Notes
Turn   | Place    | Note
-------+----------+-------------------------------------------
     0 | D:1      | lunkers the Meteoran Fighter began the quest for the Orb.
     0 | D:1      | Reached XP level 1. HP: 19/19 MP: 2/2
    90 | D:1      | Reached skill level 3 in Axes
    90 | D:1      | Reached XP level 2. HP: 25/26 MP: 3/3
   356 | D:1      | Upgraded the game from 0.30-a0-672-gc3a7216ad8 to
                  | 0.30-a0-718-geaa24f58ff
   374 | D:1      | Reached XP level 3. HP: 30/31 MP: 4/4
   492 | D:2      | Reached skill level 4 in Axes
   797 | D:3      | Reached XP level 4. HP: 30/38 MP: 5/5
   798 | D:3      | Reached skill level 5 in Axes
  1054 | D:3      | Reached XP level 5. HP: 31/45 MP: 6/6
  1083 | D:4      | Found a burning altar of Makhleb.
  1083 | D:4      | Found a radiant altar of Vehumet.
  1113 | D:4      | Reached skill level 6 in Axes
  1166 | D:4      | Noticed an orc warrior
  1183 | D:4      | HP: 1/45 [orc warrior/+0 hand axe (5)]
  1184 | D:4      | Killed an orc warrior
  1185 | D:4      | Reached skill level 7 in Axes
  1185 | D:4      | Reached XP level 6. HP: 1/51 MP: 7/7
  1244 | D:4      | Found a transporter.
  1307 | D:4      | Noticed an ogre
  1313 | D:4      | Reached skill level 8 in Axes
  1313 | D:4      | Reached XP level 7. HP: 57/57 MP: 8/8
  1360 | D:4      | Found a transporter.
  1360 | D:4      | Noticed purpskrrrp's ghost (amateur FoHu)
  1390 | D:4      | Found Culynul's Antique Armour Shop.
  1687 | D:5      | Entered Level 5 of the Dungeon
  1692 | D:5      | Reached skill level 9 in Axes
  1738 | D:5      | Found a staircase to the Ecumenical Temple.
  1752 | Temple   | Entered the Ecumenical Temple
  1909 | Temple   | Became a worshipper of Trog the Wrathful
  2041 | D:5      | Reached XP level 8. HP: 51/63 MP: 9/9
  2078 | D:5      | Reached skill level 10 in Axes
  2172 | D:6      | Reached skill level 11 in Axes
  2288 | D:6      | Reached skill level 12 in Axes
  2288 | D:6      | Gained mutation: You passively map the area around you.
                  | [Meteoran growth]
  2288 | D:6      | Reached XP level 9. HP: 45/70 MP: 10/10
  2345 | D:6      | HP: 2/70 [acid dragon/splash of acid (20)]
  2346 | D:6      | Slain by an acid dragon

Illustrated notes

Levels and vault maps discovered:
D:1:      dpeg_arrival_fog, layout_basic, serial_rivers,
          chequers_serial_rivers_micro_a, chequers_serial_rivers_micro_a,
          chequers_serial_rivers_marsh, chequers_serial_rivers_micro_c,
          chequers_serial_rivers_micro_b, chequers_serial_rivers_room_a,
          hangedman_decor_slide_cut
D:2:      layout_loops_ring, minmay_worlds_worst_comb
D:3:      layout_loops_ring
D:4:      layout_gridville, grunt_temple_overflow_lords_of_destruction,
          gammafunk_ghost_arena, serial_shops, kennysheep_mini,
          nicolae_shop_hallway_plus, nicolae_nh_ransacked_shop
D:5:      layout_loops_ring, minitemple, minmay_temple_entry_arrows
D:6:      layout_rooms, nicolae_sif_muna_condensation, nrook_mini_backslash,
          nicolae_sextant, grunt_decor_mini_mirrors
Temple:   hellmonk_temple_forest_ring

Skill      XL: |  1  2  3  4  5  6  7  8 |
---------------+-------------------------+-----
Axes           | 3 4 5 7 8 9 12 | 12.0
Fighting       | |  3.2
Armour         | |  3.6
Shields        | |  3.6

Action                     |  1- 3 |  4- 6 |  7- 9 || total
---------------------------+-------+-------+-------++-------
  Melee: War axe           |    57 |    77 |       ||   134
         Hand axe          |       |    14 |   110 ||   124
    Use: Potion            |       |     1 |       ||     1
 Armour: Chain mail        |    32 |    45 |    43 ||   120
         Scale mail        |     1 |       |       ||     1
  Dodge: Dodged            |    16 |    22 |    31 ||    69
  Block: Buckler           |    23 |    19 |    18 ||    60

Table legend: (Time is in decaauts)
 A = Elapsed time spent in this place.
 B = Non-inter-level travel time spent in this place.
 C = Inter-level travel time spent in this place.
 D = Time resting spent in this place.
 E = Time spent auto-exploring this place.
 F = Levels seen in this place.
 G = Mean time per level.
                   A        B        C        D        E       F      G
               +--------+--------+--------+--------+--------+-----+--------+
         Total |   2376 |   2301 |     75 |      0 |   1564 |   7 |  339.4 |
       Dungeon |   2202 |   2127 |     75 |      0 |   1437 |   6 |  367.0 |
        Temple |    173 |    173 |      0 |      0 |    127 |   1 |  173.0 |
               +--------+--------+--------+--------+--------+-----+--------+

Top non-repeatable levels by time:
     D:4: 691 daAuts
     D:1: 463 daAuts
     D:2: 318 daAuts
     D:5: 274 daAuts
     D:3: 260 daAuts
     D:6: 194 daAuts
  Temple: 173 daAuts
